 Dungeon Crawl Stone Soup version bcrawl-1.41.1 (webtiles) character file.

Game seed: 8175925223354436898

92727 rumpelstilzz the Grasshopper (level 2, -2/28 HPs)
             Began as a Troll Warper on Apr 20, 2024.
             Slain by a hobgoblin
             ... wielding a +0 club
              (4 damage)
             ... on level 2 of the Dungeon.
             The game lasted 00:01:31 (845 turns).

rumpelstilzz the Grasshopper (Troll Warper)          Turns: 845, Time: 00:01:31

Health: -2/28      AC:  1    Str: 18    XL:     2   Next: 48%
Magic:  3/3        EV:  9    Int: 10    God:
Gold:   94         SH:  0    Dex:  9    Spells: 2/4 levels left

rFire    . . .     GDR:     25% a - +0 mace
rCold    . . .     SeeInvis .   (no shield)
rNeg     . . .     Gourm    +   (armour unavailable)
rPois    .         Faith    .   (helmet restricted)
rElec    .         Spirit   .   (no cloak)
rCorr    .         Reflect  .   (gloves unavailable)
MR       .....                  (boots unavailable)
Stlth    +.........             (no amulet)
HPRegen  0.14/turn              h - -3 ring of protection (curse)
MPRegen  0.08/turn              (no ring)

@: no status effects
A: large, almost no armour, claws 3, fast metabolism 3, gourmand, AC +4
a: no special abilities


You were on level 2 of the Dungeon.
You were not hungry.

You visited 1 branch of the dungeon, and saw 2 of its levels.

You collected 94 gold pieces.

Inventory:

Hand Weapons
 a - a +0 mace (weapon)
Missiles
 d - 100 large rocks (quivered)
 f - 2 throwing nets {=f}
Jewellery
 h - a cursed -3 ring of protection (left claw)
Scrolls
 b - a scroll of fog {unknown}
 c - a scroll of blinking
 i - 2 scrolls of identify
Potions
 g - 2 potions of heal wounds {unknown}
 j - a potion of curing {unknown}
Comestibles
 e - 3 rations {!d}


   Skills:
 + Level 1.7 Fighting
 + Level 0.1 Maces & Flails
 + Level 2.0 Throwing
 + Level 1.6 Dodging
 + Level 1.5 Spellcasting
 + Level 2.5 Translocations


You had 2 spell levels left.
You knew the following spells:

 Your Spells              Type           Power        Failure   Level  Hunger
a - Blink Other           Tloc           #.....       12%         1    None
b - Apportation           Tloc           #.....       12%         1    None

Your spell library contained the following spells:

 Spells                   Type           Power        Failure   Level  Hunger
 Blink                    Tloc           N/A          17%         2    ###....
 Portal Projectile        Tloc           #.....       34%         3    #####..
 Teleport Other           Tloc           #.......     34%         3    #####..
 Force Lance              Tloc           #.......     75%         4    ######.


Dungeon Overview and Level Annotations

Branches:
Dungeon (2/12)

Altars:


Innate Abilities, Weirdness & Mutations

You cannot wear most types of armour.
Your thick skin is tough. (AC +4)
You are too large for most types of armour.
You have claws for hands.
Your metabolism is lightning-fast.
You like to eat raw meat.


Message History

You barely miss the hobgoblin.
The hobgoblin is moderately wounded.
The hobgoblin barely misses you.
You closely miss the hobgoblin.
The hobgoblin is moderately wounded.
The hobgoblin hits you with a +0 club.
* * * LOW HITPOINT WARNING * * *
You barely miss the hobgoblin.
The hobgoblin is moderately wounded.
The hobgoblin barely misses you. x2
You barely miss the hobgoblin.
The hobgoblin is moderately wounded.
The hobgoblin barely misses you.
You barely miss the hobgoblin.
The hobgoblin is moderately wounded.
The hobgoblin closely misses you.
You barely miss the hobgoblin.
The hobgoblin is moderately wounded.
The hobgoblin hits you with a +0 club.
You die...

### #..## ..#. ..
.. ###...### .#
.. #.......# .##.
##.......# ... #
.........# .. #.#
#....g@.# .#...#.
#.......##.......
......##..<..#
.........#####
......#### .....
.... ....


You could see a hobgoblin.

Vanquished Creatures
  A leopard gecko (D:1)
  2 bats (D:1)
  2 giant cockroaches (D:1)
  A goblin (D:1)
  3 hobgoblins (D:1)
  A ball python (D:1)
  2 frilled lizards (D:1)
  2 kobolds (D:1)
  A rat (D:1)
15 creatures vanquished.

Notes
Turn   | Place    | Note
-------+----------+-------------------------------------------
     0 | D:1      | rumpelstilzz the Troll Warper began the quest for the Orb.
     0 | D:1      | Reached XP level 1. HP: 19/19 MP: 2/2
   367 | D:1      | Reached XP level 2. HP: 28/28 MP: 3/3
   841 | D:2      | HP: 1/28 [hobgoblin/+0 club (3)]
   845 | D:2      | Slain by a hobgoblin

Skill      XL: |  1  2 |
---------------+-------+-----
Throwing       | 2 |  2.0
Fighting       | |  1.7
Maces & Flails | |  0.1
Dodging        | |  1.6
Spellcasting   | |  1.5
Translocations | |  2.5

Action                   || total
-------------------------++-------
Melee: Mace              ||    56
       Dagger            ||     8
  Eat: Chunk             ||     7
Armor: Skin              ||     7
Dodge: Dodged            ||    36
